 Dungeon Crawl Stone Soup version 0.22.0-16-gc6d26f69f9 (webtiles) character file.

380 Peloso the Covered (level 6, -2/53 HPs)
             Began as a Minotaur Fighter on Aug 18, 2018.
             Slain by a gnoll
             ... wielding a +0 halberd
              (7 damage)
             ... on level 2 of the Dungeon.
             The game lasted 00:05:37 (2013 turns).

Peloso the Covered (Minotaur Fighter)               Turns: 2013, Time: 00:05:38

Health: -2/53      AC: 11    Str: 22    XL:     6   Next: 46%
Magic:  14/14      EV:  6    Int:  5    God:
Gold:   159        SH: 12    Dex: 10    Spells: 5/5 levels left

rFire    + . .     SeeInvis .   a - +0 long sword
rCold    . . .     Gourm    .   c - +2 shield
rNeg     . . .     Faith    .   b - +0 chain mail
rPois    .         Spirit   .   (helmet restricted)
rElec    .         Reflect  .   (no cloak)
rCorr    .         Harm     .   v - +0 pair of gloves
MR       .....                  (no boots)
Stlth    ..........             (no amulet)
HPRegen  0.17/turn              e - ring of protection from fire
MPRegen  0.14/turn              t - ring of magical power

@: no status effects
A: retaliatory headbutt, horns 2
a: no special abilities


You were on level 2 of the Dungeon.
You were very hungry.

You visited 1 branch of the dungeon, and saw 3 of its levels.

You collected 159 gold pieces.

Inventory:

Hand Weapons
 a - a +0 long sword (weapon)
Armour
 b - a +0 chain mail (worn)
 c - a +2 shield (worn)
 v - a +0 pair of gloves (worn)
Jewellery
 e - a ring of protection from fire (left hand)
 t - a ring of magical power (right hand)
Wands
 x - a wand of random effects (23)
Scrolls
 h - a scroll of enchant weapon {unknown}
 i - 2 scrolls of remove curse {unknown}
 j - a scroll of enchant armour {unknown}
 m - a scroll of fear {unknown}
 o - a scroll of teleportation {unknown}
 p - a scroll of magic mapping {unknown}
 q - 2 scrolls of identify {unknown}
 s - a scroll of amnesia {unknown}
 u - a scroll of random uselessness {unknown}
Potions
 d - 3 potions of might
 g - a potion of magic {unknown}
 k - a potion of mutation {unknown}
 l - a potion of degeneration {unknown}
 n - a potion of heal wounds {unknown}
 r - a potion of agility {unknown}
 w - a potion of flight {unknown}
 z - a potion of brilliance {unknown}
Comestibles
 f - 7 rations


   Skills:
 + Level 4.4 Fighting
 + Level 5.3 Long Blades
 + Level 5.4 Armour
 + Level 1.2 Dodging
 + Level 5.3 Shields


You had 5 spell levels left.
You didn't know any spells.
Your spell library was empty.

Dungeon Overview and Level Annotations

Branches:
Dungeon (3/15)

Altars:
Ashenzari
Hepliaklqana
Kikubaaqudgha
Ru
Sif Muna
Wu Jian


Innate Abilities, Weirdness & Mutations

You reflexively headbutt those who attack you in melee.
You have a pair of horns on your head.


Message History

* * * LOW HITPOINT WARNING * * *
The gnoll hits you with a flail.
* * * LOW HITPOINT WARNING * * *
You slash the gnoll!
You kill the gnoll!
You block the gnoll's attack. The gnoll barely misses you.
The gnoll hits you with a flail.
* * * LOW HITPOINT WARNING * * *
You block the gnoll's attack. You block the gnoll's attack.
The gnoll hits you with a spear.
* * * LOW HITPOINT WARNING * * *
Things that are here:
a whip; 12 gold pieces Unknown command.
Unknown command.
You block the gnoll's attack. The gnoll barely misses you.
The gnoll hits you with a flail.
* * * LOW HITPOINT WARNING * * *
The gnoll hits you from afar with a halberd!
You die...

##### ##...##
##)....##
#>.....)#
#.)....(#
#......(# ######
##....g.# #....#
#....g..####
#....#
#....g.@(..###
#....#
#.......##...####
###.##
##...<.#####....#
#.# #####...###
####.## ##.#
#.........#
#..###..#
#.....)...#
##..##..##
#.........#
##.......
#.........#
##......
#.#.......###
#......


You could see 3 gnolls.

Vanquished Creatures
  2 orc priests (D:3)
  A gnoll shaman (D:3)
  An orc wizard (D:3)
  A worker ant (D:2)
  9 gnolls
  3 adders (D:2)
  7 worms
  5 dart slugs
  2 leopard geckos (D:3)
  5 orcs (D:3)
  3 ball pythons
  7 bats
  3 giant cockroaches
  10 goblins
  7 hobgoblins
  16 jackals
  A quokka (D:2)
  3 frilled lizards
  5 kobolds
  5 rats
96 creatures vanquished.

Notes
Turn   | Place    | Note
-------+----------+-------------------------------------------
     0 | D:1      | Peloso the Minotaur Fighter began the quest for the Orb.
     0 | D:1      | Reached XP level 1. HP: 19/19 MP: 0/0
   124 | D:1      | Reached XP level 2. HP: 24/27 MP: 1/1
   576 | D:2      | Reached XP level 3. HP: 33/33 MP: 2/2
   712 | D:2      | Reached XP level 4. HP: 32/40 MP: 3/3
   886 | D:2      | Found a sacrificial altar of Ru.
   897 | D:2      | Found a shattered altar of Ashenzari.
   918 | D:2      | Found an ancient bone altar of Kikubaaqudgha.
  1104 | D:3      | Reached XP level 5. HP: 31/46 MP: 4/4
  1111 | D:3      | Reached skill level 1 in Dodging
  1135 | D:3      | Found a deep blue altar of Sif Muna.
  1139 | D:3      | Found a hazy altar of Hepliaklqana.
  1140 | D:3      | Found an ornate altar of the Wu Jian Council.
  1302 | D:3      | Reached skill level 5 in Long Blades
  1510 | D:3      | Reached skill level 5 in Armour
  1565 | D:3      | Reached XP level 6. HP: 53/53 MP: 5/5
  1696 | D:3      | Reached skill level 5 in Shields
  2013 | D:2      | Slain by a gnoll

Skill      XL: |  1  2  3  4  5  6 |
---------------+-------------------+-----
Armour         | 4 5 |  5.4
Shields        | 4 5 |  5.3
Long Blades    | 3 4 5 |  5.3
Fighting       | 4 |  4.4
Dodging        | 1 |  1.2

Action                   |  1- 3 |  4- 6 || total
-------------------------+-------+-------++-------
Melee: Long sword        |    81 |   190 ||   271
       Headbutt          |    18 |    42 ||    60
  Eat: Chunk             |       |     3 ||     3
Armor: Scale mail        |    19 |       ||    19
       Chain mail        |    23 |   118 ||   141
Dodge: Dodged            |    23 |    40 ||    63
Block: Shield            |    51 |   133 ||   184
       Rpst.: Long sword |     5 |    12 ||    17
